AoeStats
← cmd

Oasis

507551893Analyzed
3v3 RM · 13d ago on Sep 18, 2026· 56m 2s· 6 players
Game mode
Random Map
Map size
Normal (6 player)
Population
200
Speed
Normal
Resources
Standard
Victory
Conquest
Starting age
Dark Age
Ending age
Imperial Age
RankedLock teamsTeams togetherTeam positionsShared explorationLock speedFull tech treeHidden civsTurbo modeCheats
Victory
Defeat
🇩🇪 Franks · Germany
1041
+13
🇩🇪 Vietnamese · Germany
1021
+14
🇩🇪 Mongols · Germany
918
+17
🇩🇪 Persians · Germany
975
-15
🇩🇪 Sicilians · Germany
973
-15
🇧🇪 Vietnamese · Belgium
955
-14
Oracio
3:19 Loom
10:54 Feudal Age
12:18 Wheelbarrow
11:28 Town Watch
11:32 Double-Bit Axe
11:31 Horse Collar
16:07 Gold Mining
19:52 Fletching
20:02 Padded Archer Armor
24:23 Castle Age
25:24 Hand Cart
25:22 Bow Saw
25:09 Bodkin Arrow
25:30 Leather Archer Armor
25:52 Pikeman
26:33 Squires
28:21 Scale Mail Armor
29:40 Heavy Plow
29:19 Elite Skirmisher
31:05 Stone Mining
32:04 Thumb Ring
34:45 Forging
34:50 Chain Mail Armor
38:20 Murder Holes
39:54 Ballistics
39:15 Treadmill Crane
42:31 Imperial Age
40:56 Arson
42:55 Town Patrol
43:48 Hoardings
44:36 Chemistry
43:31 Imperial Skirmisher
45:02 Halberdier
48:49 Ring Archer Armor
50:53 Bracer
51:25 Plate Mail Armor
53:28 Iron Casting
JRCLD
11:31 Feudal Age
24:13 Castle Age
22:55 Fletching
22:55 Double-Bit Axe
22:56 Horse Collar
24:48 Elite Skirmisher
25:02 Pikeman
28:17 Scale Barding Armor
28:29 Husbandry
30:17 Gold Mining
34:59 Bloodlines
37:50 Heavy Plow
39:00 Town Watch
40:18 Forging
41:04 Wheelbarrow
46:00 Imperial Age
44:39 Iron Casting
Lord Horst
1:43 Loom
11:06 Feudal Age
11:37 Town Watch
11:55 Double-Bit Axe
17:36 Castle Age
21:37 Horse Collar
22:29 Bow Saw
24:49 Heavy Plow
29:13 Imperial Age
27:45 Scale Mail Armor
27:37 Fletching
29:04 Pikeman
29:30 Arson
30:06 Squires
36:58 Onager
39:46 Ballistics
42:23 Gold Mining
42:24 Stone Mining
42:31 Murder Holes
46:22 Elite Serjeant
46:30 Halberdier
48:38 Siege Engineers
49:12 Wheelbarrow
48:38 Town Patrol
48:57 Chain Mail Armor
48:52 Forging
cmd
8:55 Loom
11:01 Feudal Age
13:07 Double-Bit Axe
24:16 Castle Age
23:30 Scale Barding Armor
23:16 Fletching
26:38 Bow Saw
27:01 Elite Skirmisher
29:48 Gold Mining
32:36 Bodkin Arrow
37:00 Wheelbarrow
37:25 Horse Collar
39:02 Thumb Ring
39:02 Padded Archer Armor
39:34 Ballistics
42:49 Imperial Age
43:56 Heavy Cavalry Archer
45:02 Parthian Tactics
45:14 Heavy Plow
48:35 Hand Cart
48:47 Imperial Skirmisher
noname
12:52 Feudal Age
17:05 Castle Age
15:09 Double-Bit Axe
16:53 Wheelbarrow
18:41 Bow Saw
20:05 Loom
20:08 Town Watch
22:16 Scale Barding Armor
26:57 Chain Barding Armor
26:48 Forging
27:21 Gold Mining
27:37 Fletching
29:16 Iron Casting
32:04 Husbandry
34:48 Imperial Age
32:45 Hand Cart
34:42 Bodkin Arrow
34:50 Scale Mail Armor
36:07 Plate Barding Armor
36:33 Blast Furnace
35:40 Chivalry
35:57 Cavalier
37:14 Conscription
37:32 Hoardings
37:21 #83
37:35 Conscription
37:36 #83
37:31 Paladin
38:33 Stone Mining
39:19 Gold Shaft Mining
39:19 Chain Mail Armor
39:17 Elite Throwing Axeman
45:14 Chemistry
44:34 Ballistics
44:39 Siege Engineers
51:39 Caravan
helo
7:45 Loom
10:09 Feudal Age
13:15 Double-Bit Axe
14:19 Wheelbarrow
15:10 Horse Collar
19:23 Castle Age
20:28 Crossbowman
22:27 Fletching
23:14 Thumb Ring
23:10 Bodkin Arrow
25:42 Padded Archer Armor
30:04 Bow Saw
34:50 Hand Cart
37:21 Heavy Plow
37:30 Gold Mining
40:15 Imperial Age
40:55 Leather Archer Armor
41:53 Ballistics
42:18 Heated Shot
43:29 Chemistry
42:10 Treadmill Crane
42:50 Arbalester
44:05 Bracer
53:15 Ring Archer Armor
Connection lost

Rejoining the realm…

Still unreachable

The connection could not be restored.

Session expired

The server has moved on; the page needs a fresh start.